Map: Ulrena

Players

Pak - Winner!

  • Race: Zerg Zerg
  • League: Master

ILLBdA

  • Race: Protoss Protoss

VOD

Have the link to the VOD?

Description

Time

  • Played on: Dec. 13, 2015, 7:20 a.m.
  • Length: 4:55
Show
View Real Time Build Order
Export as new Build Order

Pak Zerg - Winner!

Build Orders: Hatch First 

Get SALT Encoding   

  12  0:01  Drone  
  13  0:14  Overlord  
  13  0:18  Drone  
  14  0:32  Drone x2  
  16  0:36  Drone  
  17  0:54  Hatchery  
  16  0:58  Drone  
  16  1:00  Drone  
  18  1:05  Extractor  
  17  1:16  Spawning Pool  
  16  1:20  Drone  
  17  1:42  Drone x2, Overlord  
  19  2:03  Queen  
  19  2:07  Zergling x2  
  19  2:08  Zergling x2  
  24  2:15  Extractor  
  23  2:21  Metabolic Boost  
  23  2:22  Zergling x2  
  24  2:33  Zergling x2  
  25  2:46  Pneumatized Carapace  
  25  2:50  Evolution Chamber, Zergling x4  
  25  3:05  Roach Warren  
  25  3:09  Zergling x4  
  26  3:14  Overlord  
  26  3:15  Overlord  
  26  3:32  Roach Warren  
  25  3:37  Zergling x2  
  25  3:38  Zergling x4  
  28  3:48  Drone x2  
  30  4:12  Drone x3  
  33  4:25  Hatchery  
Show
View Real Time Build Order
Export as new Build Order

ILLBdA Protoss 

Build Orders:  

Get SALT Encoding   

  12  0:00  Probe (Chrono Boost)  
  13  0:12  Probe (Chrono Boost)  
  14  0:22  Pylon  
  14  0:24  Probe (Chrono Boost)  
  15  0:41  Probe (Chrono Boost)  
  16  0:43  Forge  
  16  0:51  Probe (Chrono Boost)  
  17  1:02  Probe (Chrono Boost)  
  18  1:09  Pylon  
  18  1:11  Pylon  
  18  1:14  Pylon  
  18  1:17  Probe (Chrono Boost)  
  19  1:28  Photon Cannon  
  19  1:30  Photon Cannon  
  19  1:38  Pylon  
  19  1:43  Pylon  
  19  1:45  Probe (Chrono Boost)  
  20  1:55  Probe (Chrono Boost)  
  21  2:02  Photon Cannon  
  21  2:04  Photon Cannon  
  21  2:18  Gateway  
  21  2:22  Assimilator  
  21  2:24  Probe (Chrono Boost)  
  21  2:27  Assimilator  
  22  2:35  Pylon  
  22  2:39  Pylon  
  22  2:43  Probe (Chrono Boost)  
  23  2:54  Probe (Chrono Boost)  
  24  3:04  Probe (Chrono Boost)  
  25  3:10  Cybernetics Core  
  25  3:12  Pylon, Photon Cannon  
  25  3:13  Zealot  
  27  3:20  Pylon  
  27  3:22  Probe (Chrono Boost)  
  28  3:37  Pylon  
  28  3:48  Stargate  
  28  3:49  Mothership Core (Chrono Boost)  
  28  3:53  Adept (Chrono Boost)  
  34  4:17  Stalker (Chrono Boost)  
Tags
 
League
Master
Matchup
PvZ
Replay Pack
me
Add a new tag
Caveats
  • Supply blocks, unpowered buildings, or Contaminate may cause inaccurate times.
  • Supply counts are checked every 10 seconds.